 Dungeon Crawl Stone Soup version 0.27-a0-328-g7f782ed93a (webtiles) character file.

Game seed: 16447019461195259195

2 CurlyBrace the Caller (level 1, 0/7 HPs)
             Began as a Felid Summoner on Feb 11, 2021.
             Slain by a hobgoblin (4 damage)
             ... on level 1 of the Dungeon.
             The game lasted 00:00:29 (66 turns).

CurlyBrace the Caller (Felid Summoner)                Turns: 66, Time: 00:00:30

Health: 0/7        AC:  1    Str:  4    XL:     1   Next: 25%
Magic:  4/4        EV: 18    Int: 16    God:
Gold:   0          SH:  0    Dex: 16    Spells: 3/4 levels left
                                        Lives:  0   Deaths: 0

rFire    . . .     SeeInvis +   (weapon unavailable)
rCold    . . .     Faith    .   (shield unavailable)
rNeg     . . .     Spirit   .   (armour unavailable)
rPois    .         Reflect  .   (helmet unavailable)
rElec    .         Harm     .   (cloak unavailable)
rCorr    .         Rampage  .   (gloves unavailable)
Will     .....                  (boots unavailable)
Stlth    +++.......             (no amulet)
HPRegen  0.02/turn              (no ring)
MPRegen  0.09/turn              (no ring)

@: quick
A: very small, no armour, no weapons or thrown items, stealth, claws 1, fangs 3,
see invisible, speed 1, shaggy fur 1, sharp paws
a: no special abilities


You were on level 1 of the Dungeon.
You visited 1 branch of the dungeon, and saw 1 of its levels.

You aren't carrying anything.


   Skills:
 * Level 0.2 Fighting
 + Level 2.7 Dodging
 + Level 2.7 Stealth
 * Level 0.2 Unarmed Combat
 - Level 2.0 Spellcasting
 - Level 4.0 Summonings


You had 3 spell levels left.
You knew the following spells:

 Your Spells              Type           Power        Failure   Level
a - Summon Small Mammal   Summ           56%          4%          1

Your spell library contained the following spells:

 Spells                   Type           Power        Failure   Level
 Call Imp                 Summ           14%          6%          2
 Call Canine Familiar     Summ           14%          12%         3
 Summon Guardian Golem    Hex/Summ       8%           26%         3
 Summon Ice Beast         Ice/Summ       8%           65%         4
 Summon Lightning Spire   Summ/Air       8%           65%         4


Dungeon Overview and Level Annotations

Branches:
Dungeon (1/15)

Altars:


Innate Abilities, Weirdness & Mutations

You cannot wear armour.
You are incapable of wielding weapons or throwing items.
Your paws allow you to move quietly. (Stealth)
You have sharp claws.
You have razor-sharp teeth.
You have supernaturally acute eyesight. (SInv)
You cover ground quickly.
You are covered in fur. (AC +1)
Your sharp claws are effective at attacking unaware monsters.


Message History

Found 13 stones.
A bat comes into view.
Found 17 bolts.
A bat comes into view.
The helpless bat fails to defend itself.
You scratch the bat.
You kill the bat!
No target in view!
A bat comes into view.
The bat misses you.
You closely miss the bat. Your bite misses the bat. The bat barely misses you.
You barely miss the bat. The bat barely misses you. The bat closely misses you.
You closely miss the bat. The bat completely misses you.
You barely miss the bat. The bat completely misses you. The bat misses you.
You scratch the bat but do no damage. The bat misses you.
A hobgoblin comes into view. It is wielding a +0 club.
The hobgoblin shouts!
A bat comes into view.
The bat moves out of view.
You scratch the bat.
You kill the bat!
The bat misses you. The bat hits you. The hobgoblin hits you with a +0 club.
The bat barely misses you.
A hobgoblin comes into view. It is wielding a +0 club.
The bat hits you but does no damage.
A kobold comes into view.
Found a chain mail.
A hobgoblin comes into view.
The hobgoblin moves out of view.
A rat comes into view.
The bat barely misses you.
The helpless hobgoblin fails to defend itself.
You claw the hobgoblin!
You kill the hobgoblin!
The hobgoblin hits you.
Ouch! That really hurt!
You die...

... ...... ### .# #
...... #..#.. . # #.....
#..#.# .# ###.....
#.[#.# .# .....#
#..#.#..# .. .....#
.#.K#.#..#... .....#
###.#..#........ .....#
#.. #..#@)..### ...b.#
#.# #....g......
.....####.####b#.r..#...
###.##........g#....# .
#............#....#
####.........#....#
#.......####.#....#
#.......# #.##.#.#
#.......# #.# .#.#


You could see 2 hobgoblins, a bat and a rat (asleep).

Vanquished Creatures
  2 bats (D:1)
  A hobgoblin (D:1)
3 creatures vanquished.

Notes
Turn   | Place    | Note
-------+----------+-------------------------------------------
     0 | D:1      | CurlyBrace the Felid Summoner began the quest for the Orb.
     0 | D:1      | Reached XP level 1. HP: 7/7 MP: 4/4
    66 | D:1      | Slain by a hobgoblin

Illustrated notes

Levels and vault maps discovered:
D:1:      kennysheep_arrival_forest, layout_basic, minmay_pentomino_t4

Action                   || total
-------------------------++-------
Melee: Unarmed           ||     8
 Stab: Sleeping          ||     2
Armor: Skin              ||     1
Dodge: Dodged            ||    11

Table legend: (Time is in decaauts)
 A = Elapsed time spent in this place.
 B = Non-inter-level travel time spent in this place.
 C = Inter-level travel time spent in this place.
 D = Time resting spent in this place.
 E = Time spent auto-exploring this place.
 F = Levels seen in this place.
 G = Mean time per level.
                   A        B        C        D        E       F      G
               +--------+--------+--------+--------+--------+-----+--------+
         Total |     54 |     54 |      0 |      0 |      0 |   1 |   54.0 |
       Dungeon |     54 |     54 |      0 |      0 |      0 |   1 |   54.0 |
               +--------+--------+--------+--------+--------+-----+--------+

Top non-repeatable levels by time:
     D:1: 54 daAuts
